General information
- name: BNet
- type: Ladder team game (AT/RT)
- host: Battle.net
- saver: Riceeer
map: Cherryville
- players: 8
- length: 10:52
- speed: Fast
- version: 1.26 W3XP
- replay type: Public
» download(46 KB)
Players
team 1 (winner)
KFlocka (
yellow | 41 APM | 52 actions | 01:16)
» actions
| Build / train | 18 | |
| Enter build submenu | 6 | |
| Right click | 12 | |
| Select / deselect | 11 | |
| Use ability | 5 | |
52 total
» units
» buildings
| Altar of Storms | 1 | |
| Orc Burrow | 1 | |
| Altar of Kings | 1 | |
| Farm | 1 | |
| Barracks | 1 | |
5 total
» build order
00:09 Altar of Storms
00:11 Orc Burrow
00:20 Altar of Kings
00:23 Farm
01:03 Barracks
Riceeer (
green | 98 APM | 1064 actions | 10:52)
3 Blood Mage
2 Flame Strike
1 Siphon Mana
» actions
| Assign group hotkey | 70 | |
| Basic commands | 44 | |
| Build / train | 54 | |
| ESC pressed | 10 | |
| Enter build submenu | 24 | |
| Enter hero's abilities submenu | 3 | |
| Right click | 417 | |
| Select / deselect | 134 | |
| Select group hotkey | 205 | |
| Use ability | 103 | |
1064 total
» units
» upgrades
» buildings
| Lumber Mill | 2 | |
| Farm | 3 | |
| Altar of Kings | 1 | |
| Scout Tower | 11 | |
| Guard Tower | 25 | |
| Arcane Vault | 1 | |
| War Mill | 2 | |
| Town Hall | 1 | |
| Keep | 3 | |
49 total
» build order
00:37 Lumber Mill
00:39 Farm
00:49 Farm
01:05 Altar of Kings
01:25 Farm
01:49 Scout Tower
01:50 Scout Tower
01:52 Scout Tower
02:23 Lumber Mill
02:33 Guard Tower
02:33 Guard Tower
02:33 Guard Tower
02:46 Guard Tower
02:46 Guard Tower
02:46 Guard Tower
02:48 Guard Tower
02:48 Guard Tower
02:48 Guard Tower
03:06 Scout Tower
03:07 Scout Tower
03:08 Scout Tower
03:10 Scout Tower
03:11 Scout Tower
03:13 Scout Tower
03:33 Scout Tower
03:34 Scout Tower
03:38 Guard Tower
03:38 Guard Tower
03:39 Guard Tower
03:46 Guard Tower
04:11 Guard Tower
04:11 Guard Tower
04:12 Guard Tower
06:16 Arcane Vault
06:35 War Mill
06:43 War Mill
08:25 Town Hall
09:47 Keep
09:47 Keep
» items
noahhh110 (
purple | 0 APM | 0 actions | 00:06)
team 2 (loser)
Dance (
pink | 60 APM | 312 actions | 05:13)
1 Archmage
1 Blizzard
» actions
| Assign group hotkey | 17 | |
| Basic commands | 11 | |
| Build / train | 23 | |
| Enter build submenu | 8 | |
| Enter hero's abilities submenu | 1 | |
| Right click | 115 | |
| Select / deselect | 63 | |
| Select group hotkey | 61 | |
| Use ability | 13 | |
312 total
» units
» upgrades
» buildings
| Farm | 5 | |
| Altar of Kings | 1 | |
| Barracks | 1 | |
| Blacksmith | 1 | |
8 total
» build order
01:06 Farm
01:07 Altar of Kings
01:08 Barracks
01:14 Blacksmith
01:29 Farm
01:44 Farm
02:13 Farm
02:44 Farm
FlickIndustries (
red | 44 APM | 480 actions | 10:47)
1 Archmage
1 Summon Water Elemental
» actions
| Assign group hotkey | 15 | |
| Basic commands | 145 | |
| Build / train | 26 | |
| Enter build submenu | 12 | |
| Enter hero's abilities submenu | 1 | |
| Remove unit from queue | 3 | |
| Right click | 67 | |
| Select / deselect | 103 | |
| Select group hotkey | 74 | |
| Use ability | 34 | |
480 total
» units
» buildings
| Altar of Kings | 1 | |
| Barracks | 2 | |
| Farm | 8 | |
11 total
» build order
00:36 Altar of Kings
00:37 Barracks
00:51 Farm
00:53 Farm
01:06 Farm
02:05 Farm
02:20 Barracks
03:28 Farm
03:30 Farm
04:41 Farm
05:57 Farm
COWBOYSVSDOLPHI (
teal | 34 APM | 366 actions | 10:50)
2 Tauren Chieftain
1 Endurance Aura
1 War Stomp
» actions
| Assign group hotkey | 11 | |
| Basic commands | 53 | |
| Build / train | 17 | |
| Enter build submenu | 7 | |
| Enter hero's abilities submenu | 2 | |
| Right click | 87 | |
| Select / deselect | 59 | |
| Select group hotkey | 120 | |
| Use ability | 10 | |
366 total
» units
» upgrades
» buildings
| Altar of Storms | 1 | |
| Orc Burrow | 4 | |
| War Mill | 1 | |
| Barracks | 2 | |
| Stronghold | 1 | |
| Voodoo Lounge | 1 | |
10 total
» build order
00:07 Altar of Storms
00:17 Orc Burrow
00:49 War Mill
01:48 Barracks
02:15 Stronghold
02:32 Barracks
02:46 Voodoo Lounge
03:03 Orc Burrow
03:04 Orc Burrow
03:05 Orc Burrow
» items
tactical (
blue | 28 APM | 300 actions | 10:50)
1 Archmage
1 Blizzard
» actions
| Assign group hotkey | 9 | |
| Basic commands | 94 | |
| Build / train | 19 | |
| Enter build submenu | 10 | |
| Enter hero's abilities submenu | 1 | |
| Remove unit from queue | 1 | |
| Right click | 65 | |
| Select / deselect | 62 | |
| Select group hotkey | 25 | |
| Use ability | 14 | |
300 total
» units
| Peasant | 12 | |
| Footman | 2 | |
| Rifleman | 2 | |
16 total
» buildings
| Altar of Kings | 1 | |
| Farm | 6 | |
| Barracks | 2 | |
| Lumber Mill | 1 | |
| Blacksmith | 1 | |
| Arcane Vault | 3 | |
14 total
» build order
01:11 Altar of Kings
01:14 Farm
01:25 Farm
01:52 Barracks
02:06 Barracks
02:16 Farm
02:17 Farm
03:13 Lumber Mill
03:16 Blacksmith
04:32 Farm
04:36 Farm
05:54 Arcane Vault
05:55 Arcane Vault
05:58 Arcane Vault
Chat log
(00:21 / Allies) Riceeer: Let me take him as an expo no need to use him
(00:42 / All) COWBOYSVSDOLPHI: cant wait for the hobbit 2
(01:00 / All) FlickIndustries: It's the Hobbit PART 2
(01:15 / All) FlickIndustries: Fucking pleb
(05:33 / All) COWBOYSVSDOLPHI: dud
(05:34 / All) FlickIndustries: Pink parted with some words of wisdom
(06:22 / All) FlickIndustries: he whispered me "get a life, fag"
(06:28 / All) Riceeer: lol
(06:34 / All) COWBOYSVSDOLPHI: plz dont kill me blue!!!!!!!
(06:35 / All) FlickIndustries: unavailable
(06:39 / All) FlickIndustries: i was going to ask wahat his problem was
(08:08 / All) FlickIndustries: STOP TK BLUE
(08:18 / All) Riceeer: You got tkers on your team?
(08:19 / All) Riceeer: wtf
(08:21 / All) Riceeer: did blue tk?
(08:29 / All) FlickIndustries: BLUE TK
(09:42 / All) COWBOYSVSDOLPHI: why does endura aura affect demolsihers